omghax, neutral male scurrid Tourist ------------ |........Q.. |........@Q| |.....$.QQ.. ------------ omghax the Rambler Experience level: 1 Strength: 11 Dexterity: 15 Constitution: 14 Intelligence: 12 Wisdom: 10 Charisma: 13 Health: 0(9) Energy: 2(2) Def: 0 Gold: 105 Moves: 33 Dungeon seed: Pq_tTkSt7Zi9GSHD Game ID: omghax_1498611419 Your Inventory: Coins $ - 105 gold pieces Weapons a - 49 uncursed +2 darts (in quiver) Armor e - a blessed +0 Hawaiian shirt (being worn) Comestibles b - an uncursed lembas wafer c - 6 uncursed food rations d - an uncursed chestnut f - an uncursed tripe ration g - 2 uncursed cloves of garlic Scrolls j - 4 uncursed scrolls of magic mapping Potions h - a blessed potion of extra healing i - an uncursed potion of extra healing Wands m - an uncursed wand of secret door detection (0:13) Tools k - an uncursed expensive camera (0:36) l - an uncursed credit card n - an uncursed tin opener Spells and supernatural/magical abilities: Name Level Category Fail Memory W - pray for help -- divine ? -- Your skills at the end: Miscellaneous Skills wands [Basic] Weapon Skills dart [Basic] Spellcasting Skills Final Attributes: You were devoutly aligned. You had infravision. You were very stealthy. You are dead. Voluntary challenges: You went without food. You did not adorn yourself with jewelry or accessories. You did not cause conflict. You were not invisible. You did not have reflection. You were not displaced. You were an atheist. You never hit with a wielded weapon. You were a pacifist. You did not use tools. You did not use plumbed fixtures. You did not drink any magical draughts. You were illiterate. You never genocided any monsters. You never polymorphed an object. You never changed form. You used no wishes. You never split a pudding. You never wrote Elbereth's name. You never violated your personal moral code. Dungeon overview: The Dungeons of Doom: levels 1 to 13 Level 1 a fountain a long staircase Level 2 Level 3 Level 4 a fountain Level 5 Level 6 Level 7 a fountain Level 8 Level 9 Level 10 Level 11 Level 12 Level 13 <- You were here History has recorded: On T:1 you entered the Dungeons of Doom to retrieve the Amulet of Yendor! On T:5 you reached level 2 of The Dungeons of Doom. On T:7 you reached level 3 of The Dungeons of Doom. On T:10 you reached level 4 of The Dungeons of Doom. On T:12 you reached level 5 of The Dungeons of Doom. On T:14 you reached level 6 of The Dungeons of Doom. On T:16 you reached level 7 of The Dungeons of Doom. On T:19 you reached level 8 of The Dungeons of Doom. On T:21 you reached level 9 of The Dungeons of Doom. On T:23 you reached level 10 of The Dungeons of Doom. On T:27 you reached level 11 of The Dungeons of Doom. On T:29 you reached level 12 of The Dungeons of Doom. On T:31 you reached level 13 of The Dungeons of Doom. Score breakdown: Gold: 0 ( 0 points) Experience: 1 level ( 0 points) Exploration: 13 levels ( 360 points) Discoveries: 1 item ( 50 points) Variety of kills: 0 monsters ( 0 points) Major goal: (nothing yet) ( 0 points) Survival: died (score multiplied by 3) Total score: 1230 Latest messages: You fall through... You start digging downward. You continue digging downward. You dig a pit in the floor. You continue digging downward. You dig a hole through the floor. You fall through... You start digging downward. You continue digging downward. You dig a pit in the floor. You continue digging downward. You dig a hole through the floor. You fall through... You start digging downward. The Woodland-elf wields a runed broadsword! The Woodland-elf wields a runed short sword! The Woodland-elf hurls a dark green potion! The carafe crashes on your head and breaks into shards. Something seems to be holding you. The Woodland-elf wields a runed spear! The Woodland-elf swings his runed broadsword at you. The Woodland-elf hacks you! You die... Final status: Aloha omghax the Tourist, killed by a Woodland-elf, while frozen by potion vapours... You died in The Dungeons of Doom on dungeon level 13 with 1230 points, and 105 pieces of gold, after 33 moves. You were level 1 with a maximum of 9 hit points when you died.